 Dungeon Crawl Stone Soup version 0.25.1-2-g60ff931df9 (webtiles) character file.

Game seed: 16164689871478634384

450 funkygono the Conjurer (level 6, 0/47 HPs)
             Began as a Draconian Conjurer on Aug 17, 2020.
             Slain by an ogre
             ... wielding a +0 giant club
              (26 damage)
             ... on level 4 of the Dungeon.
             The game lasted 00:10:42 (5032 turns).

funkygono the Conjurer (Draconian Conjurer)         Turns: 5032, Time: 00:10:42

Health: 0/47       AC:  6    Str: 10    XL:     6   Next: 74%
Magic:  0/12       EV: 12    Int: 18    God:
Gold:   165        SH:  0    Dex: 11    Spells: 7/13 levels left

rFire    . . .     SeeInvis .   f - +1 whip
rCold    . . .     Gourm    .   (no shield)
rNeg     . . .     Faith    .   (armour unavailable)
rPois    .         Spirit   .   (helmet restricted)
rElec    .         Reflect  .   (no cloak)
rCorr    .         Harm     .   (no gloves)
MR       .....                  (no boots)
Stlth    ++........             (no amulet)
HPRegen  0.15/turn              (no ring)
MPRegen  0.13/turn              (no ring)

@: no status effects
A: unfitting armour, cold-blooded, AC +6
a: no special abilities


You were on level 4 of the Dungeon.
You were not hungry.

You visited 1 branch of the dungeon, and saw 4 of its levels.

You collected 165 gold pieces.

Inventory:

Hand Weapons
 f - a +1 whip (weapon)
 v - the +6 long sword "Edwadala" {venom, rN+}
   (You found it on level 4 of the Dungeon)

   It poisons the flesh of those it strikes.
   It protects you from negative energy.
Missiles
 d - 178 stones (quivered)
Wands
 m - a wand of iceblast (14)
 t - a wand of flame (23)
 x - a wand of paralysis (8)
Scrolls
 a - a scroll of remove curse
 h - 4 scrolls of teleportation
 q - a scroll of magic mapping
 s - 2 scrolls of fog {unknown}
 w - a scroll of enchant armour {unknown}
Potions
 c - a potion of lignification
 e - a potion of stabbing {unknown}
 g - a potion of ambrosia {unknown}
 i - a potion of brilliance {unknown}
 j - a potion of degeneration {unknown}
 k - a potion of curing {unknown}
 l - a potion of cancellation {unknown}
 o - 2 potions of invisibility
 r - a potion of magic {unknown}
 u - 3 potions of mutation {unknown}
Comestibles
 b - 5 rations
 n - 3 chunks of flesh


   Skills:
 + Level 1.1 Fighting
 + Level 1.6 Maces & Flails
 + Level 2.6 Dodging
 + Level 2.4 Stealth
 * Level 4.1 Spellcasting
 * Level 5.6 Conjurations
 * Level 1.1 Hexes


You had 7 spell levels left.
You knew the following spells:

 Your Spells              Type           Power        Failure   Level  Hunger
a - Magic Dart            Conj           ###.         1%          1    None
b - Searing Ray           Conj           ###...       2%          2    ##.....
c - Dazzling Flash        Conj/Hex       ###...       11%         3    ###....

Your spell library contained the following spells:

 Spells                   Type           Power        Failure   Level  Hunger
 Beastly Appendage        Tmut           #.....       14%         1    None
 Sandblast                Erth           #.....       14%         1    None
 Stone Arrow              Conj/Erth      ##....       14%         3    ###....
 Passwall                 Tmut/Erth      #.......     22%         2    ##.....
 Sticks to Snakes         Tmut           #.......     22%         2    ##.....
 Confusing Touch          Hex            #.......     26%         3    ###....
 Fulminant Prism          Conj/Hex       ###.......   34%         4    ####...
 Gell's Gravitas          Tloc           #.........   41%         3    ###....
 Spider Form              Tmut/Pois      #.........   41%         3    ###....
 Iskenderun's Mystic Bla  Conj/Tloc      ##......     41%         4    ####...
 Ice Form                 Ice/Tmut       #.......     82%         4    ####...
 Petrify                  Tmut/Erth      #.......     82%         4    ####...
 Metabolic Englaciation   Hex/Ice        #.........   97%         5    ######.
 Yara's Violent Unravell  Hex/Tmut       #.........   97%         5    ######.
 Blade Hands              Tmut           #.........   99%         5    ######.
 Lee's Rapid Deconstruct  Erth           #.........   99%         5    ######.


Dungeon Overview and Level Annotations

Branches:
Dungeon (4/15)
 Temple: D:4-7

Altars:
Elyvilon
Yredelemnul
The Shining One


Innate Abilities, Weirdness & Mutations

Your plain brown scales are hard. (AC +6)
You cannot fit into any form of body armour.
You are cold-blooded and may be slowed by cold attacks.


Message History

Aiming: Searing Ray (safe; 2% risk of failure)
Press: ? - help, Shift-Dir - straight line, f/p - giant cockroach
Aim: a giant cockroach (heavily wounded)
The searing ray hits the giant cockroach.
You kill the giant cockroach! (Press . to maintain the ray.)
The ogre hits you with a +0 giant club!!
Casting: Searing Ray (safe; 2% risk of failure)
Confirm with . or Enter, or press ? or * to list all spells.
Aiming: Searing Ray (safe; 2% risk of failure)
Press: ? - help, Shift-Dir - straight line, f - ogre
Aim: an ogre, wielding a +0 giant club The searing ray hits the ogre!
The ogre is moderately wounded. (Press . to maintain the ray.)
The searing ray hits the ogre!
The ogre is severely wounded.
The ogre hits you with a +0 giant club!!
Ouch! That really hurt!
You die...

.....#.#.#.#
.....<#..#.#
......#..#.#
................†...#
....................#
#........##........# #
......# #.....O.# .
......#.[ #@.##
###........ #...###
........... #.....##
<.......##### ##......#
.#####..##..###.....).#
..#.....#...#........##
##...###....##.......#
≈≈...≈≈#...............
≈..♣..≈#.....#..........


You could see an ogre.

Vanquished Creatures
  A scorpion (D:4)
  2 orc priests (D:3)
  2 orc wizards
  A bullfrog skeleton (D:4)
  2 worker ants (D:4)
  7 adders
  An ooze (D:1)
  An adder skeleton (D:4)
  4 worms
  3 dart slugs
  7 leopard geckos
  15 orcs
  6 bats
  3 giant cockroaches
  10 goblins
  7 hobgoblins
  8 jackals
  2 quokkas
  3 ball pythons
  9 frilled lizards
  11 kobolds
  4 rats
109 creatures vanquished.

Vanquished Creatures (others)
  An orc (D:4)
  A giant cockroach (D:4)
  A quokka (D:4)
3 creatures vanquished.

Grand Total: 112 creatures vanquished

Notes
Turn   | Place    | Note
-------+----------+-------------------------------------------
     0 | D:1      | funkygono the Draconian Conjurer began the quest for the
                  | Orb.
     0 | D:1      | Reached XP level 1. HP: 14/14 MP: 3/3
   214 | D:1      | Reached XP level 2. HP: 19/20 MP: 1/5
   231 | D:1      | Learned a level 2 spell: Searing Ray
   986 | D:1      | Reached XP level 3. HP: 26/26 MP: 4/6
  1715 | D:2      | Found a glowing golden altar of the Shining One.
  1763 | D:2      | Reached XP level 4. HP: 34/34 MP: 1/7
  1943 | D:2      | Reached skill level 1 in Maces & Flails
  2714 | D:2      | Found a basalt altar of Yredelemnul.
  2823 | D:3      | Reached skill level 5 in Conjurations
  3269 | D:3      | Reached XP level 5. HP: 39/39 MP: 5/9
  3282 | D:3      | Learned a level 3 spell: Dazzling Flash
  4146 | D:4      | Reached XP level 6. HP: 39/46 MP: 2/11
  4279 | D:4      | Found a white marble altar of Elyvilon.
  4391 | D:4      | Got a steaming long sword
  4392 | D:4      | Identified the +6 long sword "Edwadala" {venom, rN+} (You
                  | found it on level 4 of the Dungeon)
  4554 | D:3      | Reached skill level 1 in Fighting
  4554 | D:3      | Reached skill level 1 in Hexes
  5032 | D:4      | Slain by an ogre

Illustrated notes

Levels and vault maps discovered:
D:1:      evilmike_arrival_hilbert_curve, layout_basic
D:2:      minmay_door_path, layout_basic, lemuel_crystal_altar,
          yredelemnul_altar_generic
D:3:      cheibrodos_pilgrimage, layout_loops_ring
D:4:      layout_cave_pools, elyvilon_altar_4, minmay_cut_off

Skill      XL: |  1  2  3  4  5  6 |
---------------+-------------------+-----
Stealth        | 2 |  2.4
Dodging        | 2 |  2.6
Maces & Flails | 1 |  1.6
Conjurations   | 5 |  5.6
Spellcasting   | 3 4 |  4.1
Fighting       | 1 |  1.1
Hexes          | 1 |  1.1

Action                   |  1- 3 |  4- 6 || total
-------------------------+-------+-------++-------
Melee: Whip              |    35 |    62 ||    97
       Tailslap          |     6 |     5 ||    11
       Unarmed           |     1 |       ||     1
 Cast: Magic Dart        |    71 |   106 ||   177
       Searing Ray       |     4 |    20 ||    24
       Dazzling Flash    |       |     2 ||     2
  Use: Scroll            |     3 |     6 ||     9
       Potion            |       |     2 ||     2
 Stab: Invisible         |       |     1 ||     1
  Eat: Chunk             |     4 |    11 ||    15
Armor: Skin              |    17 |    20 ||    37
Dodge: Dodged            |    23 |    80 ||   103
